 Dungeon Crawl Stone Soup version 0.29-a0-1019-g84f7d21838 (webtiles) character file.

Game seed: 15108483990223299614

25 Manisian the Vexing (level 3, 26/26 HPs)
             Began as a Barachi Arcane Marksman on Aug 10, 2022.
             Quit the game on level 1 of the Dungeon.
             The game lasted 00:02:40 (934 turns).

Manisian the Vexing (Barachi Arcane Marksman)        Turns: 934, Time: 00:02:41

Health: 26/26      AC:  2    Str: 11    XL:     3   Next: 6%
Magic:  2/4        EV: 12    Int: 13    God:
Gold:   72         SH:  0    Dex: 14    Spells: 3/4 levels left

rFire   . . .      SeeInvis .   a - +1 sling
rCold   . . .      Faith    .   (no shield)
rNeg    . . .      Spirit   .   c - +0 robe
rPois   .          Reflect  .   (no helmet)
rElec   .          Harm     .   (no cloak)
rCorr   .          Rampage  .   (no gloves)
Will    .....                   (no boots)
Stlth   +.........              (no amulet)
HPRegen 0.08/turn               (no ring)
MPRegen 0.09/turn               (no ring)

@: slow
A: amphibious, slowness 1, strong legs 1, +LOS
a: Hop


You were on level 1 of the Dungeon.
You visited 1 branch of the dungeon, and saw 1 of its levels.

You collected 72 gold pieces.

Inventory:

Hand Weapons
 a - a +1 sling (weapon)
Armour
 c - a +0 robe (worn)
Jewellery
 i - a ring of willpower
Scrolls
 b - a scroll of poison
 d - 2 scrolls of identify {unknown}
 g - a scroll of amnesia {unknown}
 j - a scroll of enchant weapon {unknown}
Potions
 e - a potion of heal wounds {unknown}
 f - a potion of haste {unknown}
 h - 2 potions of curing {unknown}


   Skills:
 + Level 1.6 Fighting
 + Level 2.6 Ranged Weapons
 + Level 2.3 Dodging
 + Level 1.1 Spellcasting
 + Level 3.7 Hexes


You had 3 spell levels left.
You knew the following spells:

 Your Spells              Type           Power      Damage    Failure   Level
a - Slow                  Hex            40%        N/A       6%          1

Your spell library contained the following spells:

 Spells                   Type           Power      Damage    Failure   Level
 Inner Flame              Hex/Fire       5%         N/A       36%         3
 Portal Projectile        Hex/Tloc       10%        N/A       36%         3
 Cause Fear               Hex            5%         N/A       52%         4
 Animate Armour           Summ/Erth      0%         N/A       95%         4
 Blade Hands              Tmut           0%         N/A       100%        5
 Summon Forest            Summ/Tloc      0%         N/A       100%        5
 Eringya's Noxious Bog    Tmut/Pois      0%         N/A       100%        6
 Iron Shot                Conj/Erth      0%         9d1       100%        6
 Summon Hydra             Summ           0%         N/A       100%        7


Dungeon Overview and Level Annotations

Branches:
Dungeon (1/15)

Altars:


Innate Abilities, Weirdness & Mutations

You are amphibious.
You cover ground slowly.
You can hop short distances.
You have an extended range of vision and can be seen from far away.


Message History

Things that are here:
a +0 dagger; a kobold corpse You now have 72 gold pieces (gained 6).
j - a scroll labelled XEHEASHRO QOMU
Found a stone.
Found a ring mail.
You pick up a Fen Folio and begin reading...
You add the spells Summon Forest, Eringya's Noxious Bog and Summon Hydra to your library.
Found a robe.
You see here a +0 robe.
You see here a +0 robe.
You pick up a book of Iron and begin reading...
You add the spells Animate Armour, Blade Hands and Iron Shot to your library.
A rat comes into view.
A rat is nearby!
You shoot a sling bullet. The sling bullet hits the rat!
You kill the rat!
You see here a rat corpse.
h - 2 fizzy golden potions (gained 1)
There is a stone staircase leading down here.
A dart slug comes into view.
You shoot a sling bullet. The sling bullet hits the dart slug.
The dart slug is heavily wounded.
Casting: Slow (safe; 6% risk of failure)
Confirm with . or Enter, or press ? or * to list all spells.
Aiming: Slow (safe; 6% risk of failure)
Press: ? - help, Shift-Dir - straight line, f/p - dart slug
Aim: a dart slug (heavily wounded, chance to affect: 66%)
The dart slug seems to slow down.
You shoot a sling bullet. The sling bullet hits the dart slug.
The dart slug is heavily wounded.
You shoot a sling bullet. The sling bullet hits the dart slug!
You kill the dart slug!
You have reached level 3!
Your experience leads to an increase in your attributes!
Increase (S)trength, (I)ntelligence, or (D)exterity?
You feel agile. x2
Okay, then.
Unknown command.
Are you sure you want to abandon this character and quit the game? (Confirm with "yes".)

##############
#............# #
#.##########.##########
#.# #............. #.#
#.#.########.. #.# #.#.#
###. #.# #####.#.# ##..#
#.# #.....#.######.###
#.# #@# #.#........#
##.####.## #.#.####.#..
##.#.##...## #.#.# ##...
#.###......###.#.######..
#..#.##..............##..
#.#............#.###.##..
#.######.#..####.# #.##..
#.# #.#..# #.# #.##.. #.#
##.#..####.###.....


There were no monsters in sight!

Vanquished Creatures
  2 dart slugs (D:1)
  2 endoplasms (D:1)
  A hobgoblin (D:1)
  4 jackals (D:1)
  A ball python (D:1)
  A bat (D:1)
  2 frilled lizards (D:1)
  2 goblins (D:1)
  5 kobolds (D:1)
  A rat (D:1)
21 creatures vanquished.

Notes
Turn   | Place    | Note
-------+----------+-------------------------------------------
     0 | D:1      | Manisian the Barachi Arcane Marksman began the quest for
                  | the Orb.
     0 | D:1      | Reached XP level 1. HP: 15/15 MP: 2/2
   268 | D:1      | Reached XP level 2. HP: 20/21 MP: 3/3
   934 | D:1      | Reached XP level 3. HP: 26/26 MP: 2/4
   934 | D:1      | Quit the game

Illustrated notes

Levels and vault maps discovered:
D:1:      lordsloth_arrival_two_stooges, layout_loops_ring,
          wad_floor_pattern_untrapped, minmay_small_reverse_x

Action                   || total
-------------------------++-------
 Fire: Sling             ||    64
 Cast: Slow              ||    10
 Abil: Hop               ||     1
Armor: Robe              ||     4
Dodge: Dodged            ||    28

Table legend: (Time is in decaauts)
 A = Elapsed time spent in this place.
 B = Non-inter-level travel time spent in this place.
 C = Inter-level travel time spent in this place.
 D = Time resting spent in this place.
 E = Time spent auto-exploring this place.
 F = Levels seen in this place.
 G = Mean time per level.
                   A        B        C        D        E       F      G
               +--------+--------+--------+--------+--------+-----+--------+
         Total |   1066 |   1066 |      0 |     15 |    756 |   1 | 1066.0 |
       Dungeon |   1066 |   1066 |      0 |     15 |    756 |   1 | 1066.0 |
               +--------+--------+--------+--------+--------+-----+--------+

Top non-repeatable levels by time:
     D:1: 1066 daAuts
